 Dungeon Crawl Stone Soup version 0.31-a0-988-g08d55dae12 (webtiles) character file.

Game seed: 6419898706461520635

2081534 MackTheKnife the Englaciator (level 27, 249/249 HPs)
             Began as a Barachi Ice Elementalist on Nov 5, 2023.
             Was an Initiate of Gozag.
             Escaped with the Orb
             ... and 4 runes!
             The game lasted 02:47:08 (82313 turns).

MackTheKnife the Englaciator (BaIE)                Turns: 82313, Time: 02:47:09

Health: 249/249    AC: 27    Str: 23    XL:     27
Magic:  57/57      EV: 32    Int: 30    God:    Gozag
Gold:   5800       SH: 18    Dex: 20    Spells: 20/58 levels left

rFire   + + .        b - staff of Fiujicho {rC+ Str+5 Dex-4 Ice, !astaff}
rCold   + + +        D - +4 kite shield {AC+3}
rNeg    + + .        d - quicksilver dragon scales {rare}
rPois   +            S - +3 hat of Pondering {ponderous, Will+ MP+10 Int+5}
rElec   +            c - scarf {rC+ rF+}
rCorr   .            N - +2 pair of gloves {Str+3}
SInv    +            W - +2 pair of boots of Fun and Games {rPois Str+3 Dex-2 SInv}
Will    ++++.        p - amulet "Hanki Mouzo" {Acrobat rF+ Dex+2}
Stlth   +            q - ring of Karuuts {rC+ rN++ EV+5}
HPRegen 1.41/turn    y - ring "Guytaim" {rElec rPois Str+5 Dex+6}
MPRegen 0.35/turn

%: acrobat
@: very slow
A: amphibious, slowness 1, strong legs 2, +LOS, iridescent scales 1, high MP 1,
regeneration 1, weak 1, inability to drink after injury 1
0: Orb of Zot
}: 4/15 runes: serpentine, barnacled, slimy, silver
a: Hop, Renounce Religion, Potion Petition, Call Merchant, Bribe Branch


You escaped.
You worshipped Gozag.
Gozag was greatly pleased with you.
You visited 12 branches of the dungeon, and saw 54 of its levels.
You also visited: Trove.

You collected 28463 gold pieces.
You spent 10447 gold pieces at shops.
You paid 12216 gold pieces to Gozag.


Innate Abilities, Weirdness & Mutations

You are amphibious.
You cover ground slowly.
You can hop long distances.
You have an extended range of vision and can be seen from far away.
You are partially covered in iridescent scales. (AC +2)
You have an increased reservoir of magic. (+10% MP)
Your natural rate of healing is unusually fast.
You are weak. (Str -2)
You occasionally lose the ability to drink potions when taking damage.


   Skills:
 O Level 27 Fighting
 - Level 14.0 Long Blades
 - Level 10.0 Armour
 + Level 23.6 Dodging
 - Level 8.0 Stealth
 - Level 14.0 Shields
 - Level 16.0 Spellcasting
 - Level 5.0 Hexes
 - Level 10.0 Summonings
 - Level 10.0 Translocations
 O Level 27 Ice Magic
 - Level 10.0 Evocations


You had 20 spell levels left.
You knew the following spells:

 Your Spells              Type           Power      Damage    Failure   Level
a - Freeze                Ice            100%       1d10      0%          1
b - Frozen Ramparts       Ice            100%       1d16      0%          3
c - Summon Guardian Gole  Hex/Summ       62%        N/A       1%          3
d - Summon Ice Beast      Ice/Summ       100%       N/A       1%          4
e - Call Canine Familiar  Summ           71%        N/A       1%          3
f - Ozocubu's Refrigerat  Ice            67%        4d22      1%          7
g - Ozocubu's Armour      Ice            100%       N/A       0%          3
h - Summon Forest         Summ/Tloc      35%        N/A       1%          5
i - Polar Vortex          Ice            67%        12d9*     6%          9

Your spell library contained the following spells:

 Spells                   Type           Power      Damage    Failure   Level
 Ensorcelled Hibernation  Hex/Ice        100%       N/A       0%          2
 Apportation              Tloc           100%       N/A       1%          1
 Slow                     Hex            100%       N/A       1%          1
 Summon Small Mammal      Summ           100%       N/A       1%          1
 Blink                    Tloc           100%       N/A       1%          2
 Jinxbite                 Hex            100%       N/A       1%          2
 Lesser Beckoning         Tloc           100%       N/A       1%          2
 Momentum Strike          Conj/Tloc      100%       3d10      1%          2
 Confusing Touch          Hex            52%        N/A       1%          3
 Gell's Gravitas          Tloc           71%        N/A       1%          3
 Sigil of Binding         Hex            52%        N/A       1%          3
 Teleport Other           Tloc           71%        N/A       1%          3
 Tukima's Dance           Hex            52%        N/A       1%          3
 Volatile Blastmotes      Fire/Tloc      100%       2d18      1%          3
 Manifold Assault         Tloc           71%        N/A       1%          4
 Passage of Golubria      Tloc           71%        N/A       1%          4
 Metabolic Englaciation   Hex/Ice        55%        N/A       1%          5
 Freezing Cloud           Conj/Ice/Air   43%        6-21      2%          5
 Kiss of Death            Conj/Necr      96%        2d12      4%          1
 Magic Dart               Conj           96%        1d7       4%          1
 Necrotise                Necr           96%        1d8       4%          1
 Sandblast                Erth           48%        2d12      4%          1
 Shock                    Conj/Air       96%        1d9       4%          1
 Sting                    Tmut/Pois      96%        1d7       4%          1
 Dazzling Flash           Conj/Hex       78%        N/A       4%          3
 Inner Flame              Hex/Fire       39%        N/A       4%          3
 Cause Fear               Hex            26%        N/A       5%          4
 Summon Lightning Spire   Summ/Air       52%        N/A       5%          4
 Vhi's Electric Charge    Tloc/Air       100%       N/A       5%          4
 Cigotuvi's Dreadful Rot  Necr/Pois/Air  48%        N/A       6%          2
 Passwall                 Tmut/Erth      20%        N/A       6%          2
 Poisonous Vapours        Pois/Air       48%        N/A       6%          2
 Searing Ray              Conj           48%        2d6       6%          2
 Static Discharge         Conj/Air       48%        3-5/arc   6%          2
 Stone Arrow              Conj/Erth      48%        3d10      12%         3
 Swiftness                Air            24%        N/A       12%         3
 Vampiric Draining        Necr           24%        2d7       12%         3
 Anguish                  Hex/Necr       19%        N/A       14%         4
 Fulminant Prism          Conj/Hex       19%        3d11      14%         4
 Leda's Liquefaction      Hex/Erth       19%        N/A       14%         4
 Airstrike                Air            12%        2d(2-18)  38%         4
 Brom's Barrelling Bould  Conj/Erth      24%        2d5       38%         4
 Dispel Undead            Necr           24%        3d12      38%         4
 Flame Wave               Conj/Fire      24%        2d8       38%         4
 Olgreb's Toxic Radiance  Pois           24%        N/A       38%         4
 Petrify                  Tmut/Erth      24%        N/A       38%         4
 Yara's Violent Unravell  Hex/Tmut       19%        3d9       38%         5
 Summon Hydra             Summ           35%        N/A       50%         7
 Arcjolt                  Conj/Air       12%        1d22      75%         5
 Borgnjor's Vile Clutch   Necr/Erth      12%        N/A       75%         5
 Fireball                 Conj/Fire      12%        3d7       75%         5
 Iskenderun's Battlesphe  Conj           24%        2d8       75%         5
 Conjure Ball Lightning   Conj/Air       12%        3x3d6     99%         6
 Death Channel            Necr           12%        N/A       99%         6
 Eringya's Noxious Bog    Tmut/Pois      12%        4d6       99%         6
 Plasma Beam              Fire/Air       12%        2x1d23    99%         6
 Starburst                Conj/Fire      12%        6d5       99%         6
 Enfeeble                 Hex            26%        N/A       99%         7
 Haunt                    Necr/Summ      26%        N/A       99%         7
 Spellforged Servitor     Conj/Summ      26%        N/A       99%         7
 Orb of Destruction       Conj           12%        9d7       100%        7
 Infestation              Necr           12%        N/A       100%        8
 Lehudib's Crystal Spear  Conj/Erth      12%        10d4      100%        8
 Maxwell's Capacitive Co  Air            12%        โˆž       100%        8
 Dragon's Call            Summ           35%        N/A       100%        9
 Simulacrum               Ice/Necr       Unusable   N/A       N/A         6
 Animate Dead             Necr           Unusable   N/A       N/A         4

Inventory:

Hand Weapons
 T - a +9 demon blade of electrocution {long}
   (You took it off a hell knight on level 2 of the Depths)
Armour
 c - a scarf of resistance (worn)
   (You bought it in a shop on level 2 of the Lair of Beasts)
 d - quicksilver dragon scales (worn) {rare}
   (You took it off a deep elf master archer on level 3 of the Elven Halls)
 D - a +4 kite shield of protection (worn)
   (You found it on level 6 of the Dungeon)
 N - a +2 pair of gloves of strength (worn)
   (You bought it in a shop on level 2 of the Depths)
 S - the +3 hat of Pondering (worn) {ponderous, Will+ MP+10 Int+5}
   (You bought it in a shop on level 9 of the Dungeon)

   Int+5:     It affects your intelligence (+5).
   Will+:     It increases your willpower.
   MP+10:     It affects your magic capacity (+10).
 W - the +2 pair of boots of Fun and Games (worn) {rPois Str+3 Dex-2 SInv}
   (You bought it in a shop on level 2 of the Lair of Beasts)

   Str+3:     It affects your strength (+3).
   Dex-2:     It affects your dexterity (-2).
   rPois:     It protects you from poison SInv: It lets you see invisible.
Magical Staves
 b - the staff of Fiujicho (weapon) {rC+ Str+5 Dex-4 Ice, !astaff}
   (You found it on level 4 of the Depths)

   [staff of cold]

   Base accuracy: +5 Base damage: 5 Base attack delay: 1.2 This weapon's minimum
   attack delay (0.6) is reached at skill level 12.
   Str+5:     It affects your strength (+5).
   Dex-4:     It affects your dexterity (-4).
   rC+:       It protects you from cold.
   Ice:       It increases the power of your Ice spells.
   It falls into the 'Staves' category.
   It is a one-handed weapon.
Jewellery
 n - the amulet of Vitality {RegenMP++ Regen++}
   (You took it off a royal mummy on level 3 of the Depths)

   [amulet of magic regeneration]

   RegenMP:   It increases your rate of magic regeneration.
   Regen++:   It increases your rate of health regeneration.
 p - the amulet "Hanki Mouzo" (around neck) {Acrobat rF+ Dex+2}
   (You found it on level 5 of the Pits of Slime)

   [amulet of the acrobat]

   Acrobat:   It increases your evasion while moving and waiting.
   Dex+2:     It affects your dexterity (+2).
   rF+:       It protects you from fire.
 q - the ring of Karuuts (left hand) {rC+ rN++ EV+5}
   (You acquired it on level 3 of the Depths)

   [ring of evasion]

   EV+5:      It affects your evasion (+5).
   rC+:       It protects you from cold.
   rN++:      It greatly protects you from negative energy.
 t - a ring of willpower
   (You found it on level 4 of the Dungeon)
 w - a ring of positive energy
   (You found it on level 2 of the Depths)
 y - the ring "Guytaim" (right hand) {rElec rPois Str+5 Dex+6}
   (You found it on level 5 of the Pits of Slime)

   [ring of dexterity]

   Str+5:     It affects your strength (+5).
   Dex+6:     It affects your dexterity (+6).
   rElec:     It insulates you from electricity.
   rPois:     It protects you from poison
Wands
 e - a wand of mindburst (39)
   (You found it on level 9 of the Dungeon)
 m - a wand of roots (43)
   (You found it on level 11 of the Dungeon)
 B - a wand of polymorph (37)
   (You took it off Sigmund on level 5 of the Dungeon)
 I - a wand of digging (20)
   (You found it on level 2 of the Vaults)
 J - a wand of flame (102)
   (You found it on level 1 of the Lair of Beasts)
 K - a wand of quicksilver (12)
   (You took it off an orc on level 8 of the Dungeon)
Scrolls
 i - 16 scrolls of teleportation {@r4}
 j - 3 scrolls of revelation
 o - 3 scrolls of summoning
 v - 8 scrolls of poison {!r}
 x - 8 scrolls of fog
 z - 7 scrolls of immolation {!r!r}
 C - 10 scrolls of amnesia
 G - 9 scrolls of vulnerability {!r!r}
 R - 11 scrolls of fear
 U - 8 scrolls of blinking {!r}
Potions
 f - 6 potions of mutation {!q}
 l - a potion of ambrosia
 r - 2 potions of might
 s - 18 potions of curing {@q1}
 u - 6 potions of resistance
 A - 4 potions of haste {@q3}
 E - 4 potions of berserk rage {!q}
 H - 5 potions of brilliance
 L - 3 potions of enlightenment
 M - 3 potions of invisibility
 O - 7 potions of magic
 Q - 11 potions of heal wounds {@q2}
 Y - 4 potions of cancellation
Miscellaneous
 F - a sack of spiders
   (You bought it in a shop on level 1 of the Vaults)
 X - a condenser vane
   (You found it on level 4 of the Snake Pit)
 Z - a lightning rod (4/4)
   (You found it on level 4 of the Shoals)

Dungeon Overview and Level Annotations

Branches:
Dungeon (15/15)            Temple (1/1) D:7            Lair (5/5) D:8
 Shoals (4/4) Lair:2        Snake (4/4) Lair:2        Slime (5/5) Lair:5
    Orc (2/2) D:9             Elf (3/3) Orc:2        Vaults (5/5) D:13
  Crypt (0/3) Vaults:3     Depths (4/4) D:15           Hell (visited)
    Zot (5/5) Depths:4
    Dis: Hell:1         Geh: Hell:1         Coc: Hell:1         Tar: Hell:1

Altars:
Ashenzari
Cheibriados
Dithmenos
Elyvilon
Fedhas
Gozag
Hepliaklqana
Kikubaaqudgha
Makhleb
Nemelex Xobeh
Okawaru
Qazlal
Ru
Sif Muna
Trog
Uskayaw
Vehumet
Wu Jian
Xom
Yredelemnul
Zin
The Shining One
Jiyva

Shops:
D:4 ?   D:7 [   D:9 [[=[   D:10 (   Orc:2 **!*:[   Elf:1 *   Lair:2 [
Shoals:4 (   Snake:2 (   Snake:4 ::!   Vaults:1 *   Vaults:2 ?   Depths:2 [

Portals:
Hell: Depths:1 Depths:2 Depths:3 Depths:4
Abyss: Depths:1 Depths:3 Depths:4
Pandemonium: Orc:2 Depths:2
Ziggurat: Depths:4

Annotations:
D:4 exclusion: downstairs
D:12 1 runed translucent door
Lair:4 2 transporters, Zenatt's ghost, journeyman TrFi
Snake:1 2 transporters, Casseolirch's ghost, adept GrEE
Snake:4 Roxanne
Orc:1 1 transporter, Vupaekk's ghost, journeyman DsEE
Elf:2 3 runed translucent doors
Depths:1 1 runed translucent door

#.....#.#.#........#.#.#.#
#.....#.#.########.#.#.#.#
#.....#.#..........#...#..
#.##..#.##############.#..
##.#......................#
#....########.#.#.#########
#...## #....#.#.#.......#
#...# #.##.#.#.#.#####.#
###.# #.#@.#.#.#.#...#.#
#.# #.####.#.#.#.###.# #.#
#......#.#.#.....#
#รท###########.#########
#.............#
###############


There were no monsters in sight!


Message History

The winds around you calm down.
There is a stone staircase leading up here. ๐Ÿ˜Ž MP[+1]
You climb upwards.
There is a stone staircase leading down here. ๐Ÿ˜Ž MP[+1]
What level of the Dungeon? (default 1, ? - help)
There is a stone staircase leading up here.
You climb upwards.
There is a stone staircase leading down here.
You open the door.
There is an open door here.
A hellephant comes into view. ๐Ÿ˜Ž MP[+5]
Your mp is fully restored (57).
The hellephant blinks!
There is an open door here.
The hellephant blinks!
The hellephant blinks!
There is a stone staircase leading up here.
You climb upwards.
There is a stone staircase leading down here.
What level of the Dungeon? (default 1, ? - help)
You see here a +0 robe.
A Kiufuy, a small abomination, a hellwing and a tentacled monstrosity come into view.
There is a stone staircase leading up here.
Unknown command.
The hellwing gives a chilling moan.
You climb upwards.
There is a stone staircase leading down here.
What level of the Dungeon? (default 1, ? - help)
Things that are here:
a +0 ring mail; a +0 falchion {long} A chaos spawn comes into view.
The chaos spawn gives a chilling moan.
The chaos spawn completely misses you.
Casting: Polar Vortex (dangerous; 6% risk of failure)
Confirm with . or Enter, or press ? or * to list all spells.
You feel a surge of power!
A great freezing vortex appears and lifts you up.
You block the chaos spawn's attack. ๐Ÿ˜Ž MP[-9]
You lost 9 mp, and now have 48/57 mp.
You closely miss the chaos spawn.
You kill the chaos spawn!
The chaos spawn degenerates into a cloud of primal chaos! ๐Ÿ˜Ž MP[+1]
You now have 5800 gold pieces (gained 16). ๐Ÿ˜Ž MP[+1]
The winds around you start to calm down.
You float gracefully downwards.
You are engulfed in whirling frost. ๐Ÿ˜Ž MP[+1]
The winds around you calm down. ๐Ÿ˜Ž MP[+1]
There is a stone staircase leading up here.
You climb upwards.
Level annotation: exclusion: downstairs
There is a stone staircase leading down here. ๐Ÿ˜Ž MP[+1]
What level of the Dungeon? (default 1, ? - help)
There is a stone staircase leading up here.
You climb upwards.
There is a stone staircase leading down here.
There is a stone staircase leading up here.
You climb upwards.
There is a stone staircase leading down here.
There is a stone staircase leading up here.
You climb upwards.
There is a stone staircase leading down here. ๐Ÿ˜Ž MP[+4]
Your mp is fully restored (57).
A balrug comes into view.
It is wielding a +0 vampiric demon whip.
Casting: Polar Vortex (dangerous; 6% risk of failure)
Confirm with . or Enter, or press ? or * to list all spells.
You feel a surge of power!
A great freezing vortex appears and lifts you up. ๐Ÿ˜Ž MP[-9]
You lost 9 mp, and now have 48/57 mp.
A demonspawn blood saint comes into view.
It is wielding a +0 dagger.
You kill the balrug! ๐Ÿ˜Ž MP[+1]
The winds around you start to calm down.
You float gracefully downwards. ๐Ÿ˜Ž MP[+1]
You are engulfed in whirling frost.
You are engulfed in whirling frost.
The winds around you calm down. ๐Ÿ˜Ž MP[+1]
Casting: Polar Vortex (dangerous; 6% risk of failure)
Confirm with . or Enter, or press ? or * to list all spells.
You feel a surge of power!
The heat is drained from your surroundings.
You kill the demonspawn blood saint! ๐Ÿ˜Ž MP[-7]
You lost 7 mp, and now have 44/57 mp.
There is a staircase leading out of the dungeon here. ๐Ÿ˜Ž MP[+13]
Your mp is fully restored (57).
You have escaped!

Skill      XL: |  1  2  3  4  5  6  7  8  9 10 11 12 13 14 15 16 17 18 19 20 21 22 23 24 25 26 27 |
---------------+----------------------------------------------------------------------------------+-----
Stealth        | 2 8 |  8.0
Fighting       | 1 2 4 6 7 10 12 14 16 21 26 27 | 27.0
Ice Magic      | 5 6 9 10 15 20 22 24 27 | 27.0
Spellcasting   | 3 4 6 8 12 13 14 16 | 16.0
Hexes          | 1 2 5 |  5.0
Summonings     | 1 2 5 6 9 10 | 10.0
Dodging        | 4 5 6 7 8 9 12 14 17 21 23 | 23.6
Armour         | 4 5 6 8 9 10 | 10.0
Long Blades    | 6 12 14 | 14.0
Shields        | 6 12 14 | 14.0
Evocations     | 2 5 10 | 10.0
Translocations | 10 | 10.0

Action                     |  1- 3 |  4- 6 |  7- 9 | 10-12 | 13-15 | 16-18 | 19-21 | 22-24 | 25-27 || total
---------------------------+-------+-------+-------+-------+-------+-------+-------+-------+-------++-------
  Melee: Dagger            |     6 |       |       |       |       |       |       |       |       ||     6
         Short sword       |    13 |    32 |       |       |       |       |       |       |       ||    45
         Staff             |       |       |    91 |   168 |       |       |       |     1 |    66 ||   326
         Whip              |       |       |    10 |       |       |       |       |       |       ||    10
         Punch             |       |       |     2 |     3 |       |       |       |       |       ||     5
         Long sword        |       |       |       |    69 |   769 |   526 |   885 |   332 |       ||  2581
  Throw: Dart              |    38 |     5 |     5 |       |       |       |       |       |       ||    48
         Boomerang         |       |       |    12 |       |       |       |       |       |       ||    12
         Javelin           |       |       |     2 |       |       |       |       |       |       ||     2
   Cast: Freeze            |    30 |    25 |    37 |    12 |       |       |       |       |       ||   104
         Frozen Ramparts   |     3 |     9 |    46 |    52 |    43 |     5 |     4 |       |     1 ||   163
         Summon Guardian G |       |     3 |    45 |    66 |    70 |     8 |       |       |       ||   192
         Summon Ice Beast  |       |       |     8 |    57 |   107 |     4 |    14 |     1 |       ||   191
         Call Canine Famil |       |       |       |     4 |   100 |     3 |    20 |     1 |       ||   128
         Ozocubu's Refrige |       |       |       |       |       |   337 |   460 |   169 |    35 ||  1001
         Ozocubu's Armour  |       |       |       |       |       |     1 |     1 |       |       ||     2
         Summon Forest     |       |       |       |       |       |       |     3 |       |       ||     3
         Polar Vortex      |       |       |       |       |       |       |       |   103 |   102 ||   205
 Invoke: Call Merchant     |       |       |     1 |     1 |     3 |     2 |     1 |       |       ||     8
         Potion Petition   |       |       |       |       |       |       |       |     1 |     2 ||     3
         Bribe Branch      |       |       |       |       |       |       |       |       |     1 ||     1
Ability: Hop               |       |       |       |     2 |     4 |     1 |       |    14 |     5 ||    26
  Evoke: Wand              |       |       |     1 |     1 |     1 |    15 |     6 |     1 |     1 ||    26
         Condenser vane    |       |       |       |       |       |     1 |       |       |       ||     1
         Lightning rod     |       |       |       |       |       |       |     2 |       |       ||     2
         Sack of spiders   |       |       |       |       |       |       |     3 |     1 |     1 ||     5
    Use: Scroll            |       |    12 |       |     3 |    13 |     8 |     9 |    10 |     6 ||    61
         Potion            |       |       |       |       |     1 |     4 |     1 |     5 |     3 ||    14
   Stab: Sleeping          |     1 |     2 |     1 |     2 |     3 |     9 |     9 |     4 |       ||    31
         Distracted        |       |       |       |     6 |    20 |     8 |    23 |     2 |     3 ||    62
 Armour: Robe              |    21 |    35 |    31 |       |       |       |       |       |       ||    87
         Ring mail         |       |       |    75 |   207 |   316 |   258 |   368 |   279 |    47 ||  1550
         Quicksilver drago |       |       |       |       |       |       |       |       |   102 ||   102
  Dodge: Dodged            |    24 |    22 |    88 |   228 |   297 |   203 |   395 |   280 |   369 ||  1906
  Block: Other             |       |       |       |    91 |     8 |       |       |       |       ||    99
         Reflection        |       |       |       |     5 |     8 |       |       |       |       ||    13
         Kite shield       |       |       |       |       |   634 |   394 |   597 |   382 |   275 ||  2282

Levels and vault maps discovered:
D:1:      matt_arrival_spirals, layout_rooms
D:2:      layout_loops_ring
D:3:      layout_basic, nicolae_figureground_pulse
D:4:      layout_basic, serial_forest, infiniplex_forest_zigzag_1,
          infiniplex_forest_end_3, infiniplex_forest_straight_4,
          infiniplex_forest_split, infiniplex_forest_straight_1,
          infiniplex_forest_lined_3_way, serial_shops, shop, uniq_eustachio
D:5:      layout_basic, minmay_splitting_lines, uniq_grinder, uniq_pikel,
          uniq_sigmund
D:6:      layout_rooms, st_stairs_11
D:7:      wad_pebble_path, layout_loops_corners,
          minmay_temple_entry_purple_smoke, uniq_menkaure
D:8:      layout_loops_corners, hellmonk_lair_entry_icy,
          hangedman_abyss_or_decor_lesser_grid, uniq_grum
D:9:      layout_gridville, orc_0_dummy, minmay_shop_chei
D:10:     layout_loops_corners, zin_purify, nicolae_twisting_strands,
          kennysheep_diamond, uniq_joseph
D:11:     layout_loops_ring, st_stairs_9, elyvilon_altar_3
D:12:     layout_irregular_city, dreamdust_princess_corridor,
          minmay_hidden_floor
D:13:     layout_roguey, david_vaults_4, uniq_kirke, uniq_lodul
D:14:     layout_gridville, okawaru_trees_1
D:15:     gammafunk_enter_depths_forms, layout_loops_corners,
          minmay_misc_feat_four_crosses, gammafunk_ghost_grave
Temple:   regret_index_temple_sigil_plot
Lair:1:   wad_woods_minihive, layout_loops_ring, serial_rivers,
          chequers_serial_rivers_room_a, chequers_serial_rivers_room_b,
          chequers_serial_rivers_large_a, chequers_serial_rivers_small_3
Lair:2:   layout_small_grid, mainiacjoe_shoals_entry_four_pools,
          dummy_snake_entry, serial_bayou, serial_bayou_shore_b,
          serial_bayou_shore_b, serial_bayou_pond_e, serial_bayou_pond_c,
          special_room, grunt_forest_large_clearings, uniq_maggie
Lair:3:   layout_hall_layers, beast_lair_carwin_11, grunt_megastairs_2,
          uniq_amaemon
Lair:4:   minmay_lair_venomous_thicket, layout_regular_city,
          gammafunk_ghost_hive, serial_bayou_shore_b, uniq_sonja
Lair:5:   cheibrodos_lair_end_hotspot, layout_cave_pods,
          minmay_slime_entry_jelly_boxes
Shoals:1: layout_shoals, nicolae_shoals_raging_river
Shoals:2: layout_shoals, abandoned_shop
Shoals:3: layout_shoals
Shoals:4: shoals_end_grunt_ice, layout_shoals, shoal_ilsuiw, serial_shops,
          nicolae_shop_tiny_real_fake_doors, nicolae_shoals_lost_giant_hut,
          nicolae_shoals_spectral_cove, uniq_mlioglotl, uniq_aizul
Snake:1:  layout_layer_cave, basic_altar, gammafunk_ghost_berserking_beasts,
          lemuel_oklob_altar, uniq_frances, uniq_agnes
Snake:2:  layout_misc_corridors, serial_shops, nicolae_shop_crystal,
          grunt_megastairs_4
Snake:3:  layout_cave_town
Snake:4:  snake_pit_salamanders_mu, layout_cave_shapes, minmay_shop_star,
          lemuel_fruit_tree, uniq_roxanne
Slime:1:  layout_caves
Slime:2:  layout_caves
Slime:3:  layout_caves, nicolae_slime_phagocytosis
Slime:4:  layout_caves, basic_altar
Slime:5:  slime_pit_nicolae_royal_road_to_ruin
Orc:1:    layout_caves, gammafunk_ghost_arena
Orc:2:    pf_orc_diabolical, layout_diamond_mine, serial_shops,
          nicolae_shop_overgrown_old_shop, einodemon_barbed_minivault
Elf:1:    layout_loops_ring, serial_shops, nicolae_diamond_shop,
          minmay_elf_necromancy, grunt_megastairs_5, uniq_asterion
Elf:2:    elven_hall_of_blades_hangedman_original
          [infiniplex_blade_entry_pillars], layout_gridlike,
          minmay_misc_feat_five
Elf:3:    elf_hall_gauntlet_narrow, layout_geoelf_diagonals, grunt_ministairs_6
Vaults:1: portal_desolation_entry_nicolae_slug, nicolae_vaults_rhombus_5,
          nicolae_vaults_surprise_closet, nicolae_vaults_network_quinsquares
          [nicolae_vaults_network_quincunx_subvault,
          nicolae_vaults_network_quincunx_subvault,
          nicolae_vaults_network_quincunx_subvault,
          nicolae_vaults_network_quincunx_subvault], nicolae_vaults_tangram_1,
          nicolae_vaults_offset_grid_hallway_3,
          nicolae_vaults_security_offices_4, nicolae_vaults_surprise_closet,
          nicolae_vaults_network_periphery, nicolae_vaults_trapezoid_lopsided_1,
          v_misc_19, ontoclasm_vaults_idyll, dpeg_vaults_monster_box,
          hangedman_vaults_slice, layout_vaults_ring
Vaults:2: nicolae_vaults_triangles, hangedman_vaults_corner, v_pattern_2,
          hangedman_vaults_pinch, nicolae_vaults_asterisk,
          ontoclasm_vaults_decontamination, nicolae_vaults_little_squares_1,
          vaults_mumra_minichess, vaults_room_hallway,
          nicolae_vaults_shrinking_rooms_2, ontoclasm_vaults_ligature,
          nicolae_vaults_trapezoid_lopsided_1, vaults_dpeg_encased_lava,
          layout_vaults_maze_bifur, serial_shops, nicolae_shop_peninsula
Vaults:3: minmay_crypt_entry_simple_walls, v_misc_28,
          vaults_room_grunt_arrival_ludios, nicolae_vaults_tangram_1,
          vaults_room_boxed, st_spiral_rooms, v_misc_2, v_pattern_3,
          nicolae_vaults_tetromino_T_1, hangedman_vaults_stagger,
          ontoclasm_vaults_twist, nicolae_vaults_double_plus_1,
          vaults_dpeg_ring, grunt_vaults_hallway_short,
          nicolae_vaults_ring_of_whatevers, layout_vaults_omnibox
Vaults:4: hangedman_vaults_corner_blocks, nicolae_vaults_trapezoid_1,
          nicolae_vaults_shelves_hall, nicolae_vaults_murder_corner,
          nicolae_vaults_closet_pinwheel_3, grunt_vaults_funnel,
          layout_vaults_quadrants
Vaults:5: serial_shops
Depths:1: layout_cave_shapes, muffindrake_ghost_dual_entry, glass_columns_b,
          abyss_entry, grunt_hell_entry_dis_grunt, nicolae_ru_awakened_eye
Depths:2: nzn_winding_woodlands_three_and_one
          [nzn_winding_woodlands_5x15_pockets,
          nzn_winding_woodlands_5x15_lazy_stream,
          nzn_winding_woodlands_5x15_default,
          nzn_winding_woodlands_center_pierced_h], layout_gridlike, hell_entry,
          enter_trove_5, serial_shops, nicolae_shop_hallway_plus,
          minmay_strange_pillars, rand_demon_pan_entry_9, uniq_norris
Depths:3: ragdoll_tomb_raider, layout_cave_shapes, glass_columns_c,
          pf_dread_powers_of_hell, nicolae_abyss_entry_one_way_or_another,
          serial_bayou_shore_b, uniq_boris
Depths:4: grunt_zot_entry_bicorn, layout_gridlike, enter_ziggurat_d, hell_entry,
          abyss_entry_crystal, minivault_15, serial_bayou_shore_b
Hell
Zot:1:    layout_basic, regret_index_zotdec_bone_old, st_stairs_13
Zot:2:    layout_twisted_circle
Zot:3:    layout_onion_interference
Zot:4:    hangedman_zot_vaults_quadrants, layout_onion
Zot:5:    layout_misc_corridors, regret_index_zotdec_stipple_waver

Notes
Turn   | Place    | Note
-------+----------+-------------------------------------------
     0 | D:1      | MackTheKnife the Barachi Ice Elementalist began the quest
                  | for the Orb.
     0 | D:1      | Reached XP level 1. HP: 13/13 MP: 3/3
     0 | D:1      | magus.rc [v1.9.6]
   208 | D:1      | Reached skill level 2 in Stealth
   241 | D:1      | Reached skill level 1 in Fighting
   241 | D:1      | Reached skill level 5 in Ice Magic
   241 | D:1      | Reached XP level 2. HP: 13/21 MP: 0/5
   750 | D:1      | Reached XP level 3. HP: 27/27 MP: 6/6
   777 | D:1      | Reached skill level 2 in Fighting
   794 | D:1      | Learned a level 3 spell: Frozen Ramparts
  1090 | D:1      | You pick up a book of Dreams and begin reading...
  1090 | D:1      | You add the spells Jinxbite, Ensorcelled Hibernation and
                  | Anguish to your library.
  1569 | D:2      | Reached XP level 4. HP: 33/33 MP: 3/8
  1652 | D:2      | You pick up a book of Dangerous Friends and begin
                  | reading...
  1652 | D:2      | You add the spells Summon Guardian Golem, Orb of
                  | Destruction and Spellforged Servitor to your library.
  1908 | D:2      | Identified a scroll of acquirement
  1909 | D:2      | Identified the of Teveus (You acquired it on level 2 of
                  | the Dungeon)
  1909 | D:2      | Acquired 1129 gold pieces
  2244 | D:2      | Learned a level 3 spell: Summon Guardian Golem
  2499 | D:3      | Identified the +4 ring mail "Xequrgha" {Rampage +Blink
                  | Dex+4}
  2651 | D:3      | Identified the ring of the Peasants {rElec rPois rC- MP+9
                  | Stlth+}
  2729 | D:3      | Reached skill level 3 in Spellcasting
  2729 | D:3      | Reached skill level 1 in Hexes
  2729 | D:3      | Reached skill level 1 in Summonings
  2730 | D:3      | Reached skill level 6 in Ice Magic
  2731 | D:3      | Reached XP level 5. HP: 35/38 MP: 1/9
  3249 | D:4      | Found Xojyffung's Magic Scroll Boutique.
  3337 | D:4      | Bought a scroll of poison for 40 gold pieces
  3337 | D:4      | Bought a scroll of identify for 20 gold pieces
  3337 | D:4      | Bought a scroll of identify for 20 gold pieces
  3337 | D:4      | Bought 3 scrolls of identify for 60 gold pieces
  3337 | D:4      | Bought a scroll of identify for 20 gold pieces
  3337 | D:4      | Bought a scroll of teleportation for 30 gold pieces
  3337 | D:4      | Bought a scroll of fog for 40 gold pieces
  3337 | D:4      | Bought a scroll of noise for 10 gold pieces
  3535 | D:4      | Noticed a black bear
  3619 | D:4      | Reached skill level 2 in Hexes
  3619 | D:4      | Reached skill level 2 in Summonings
  3690 | D:4      | Noticed Eustachio
  3777 | D:5      | Entered Level 5 of the Dungeon
  3789 | D:5      | Reached XP level 6. HP: 35/44 MP: 5/11
  3886 | D:5      | Reached skill level 3 in Summonings
  4052 | D:5      | Noticed an ice beast
  4060 | D:5      | Noticed Grinder
  4151 | D:5      | Noticed Pikel
  4173 | D:5      | Killed Pikel
  4174 | D:5      | Reached skill level 5 in Hexes
  4174 | D:5      | Reached skill level 5 in Summonings
  4174 | D:5      | Reached XP level 7. HP: 50/50 MP: 12/12
  4335 | D:5      | Reached skill level 3 in Fighting
  4518 | D:5      | Noticed a steam dragon
  4694 | D:4      | Killed Eustachio
  4695 | D:4      | Reached skill level 4 in Fighting
  4695 | D:4      | Reached XP level 8. HP: 53/61 MP: 9/13
  4856 | D:4      | Reached skill level 5 in Fighting
  5559 | D:4      | Reached skill level 6 in Fighting
  5705 | D:5      | Noticed Sigmund
  5911 | D:5      | Reached skill level 3 in Dodging
  5982 | D:5      | Reached skill level 4 in Dodging
  5982 | D:5      | Reached skill level 2 in Armour
  6218 | D:5      | Killed Sigmund
  6219 | D:5      | Reached skill level 4 in Armour
  6495 | D:5      | Paralysed by Grinder for 4 turns
  6880 | D:5      | Reached skill level 4 in Spellcasting
  6962 | D:5      | Reached skill level 6 in Summonings
  6962 | D:5      | Reached XP level 9. HP: 32/69 MP: 15/15
  7249 | D:5      | Paralysed by Grinder for 4 turns
  7375 | D:5      | Killed Grinder
  7376 | D:5      | Reached skill level 7 in Ice Magic
  7865 | D:5      | Learned a level 4 spell: Summon Ice Beast
  7869 | D:5      | You pick up a book of Cantrips and begin reading...
  7869 | D:5      | You add the spells Necrotise, Summon Small Mammal and
                  | Apportation to your library.
  7925 | D:6      | Reached skill level 7 in Summonings
  8114 | D:6      | You pick up a book of Misfortune and begin reading...
  8114 | D:6      | You add the spells Inner Flame, Yara's Violent Unravelling
                  | and Enfeeble to your library.
  8236 | D:6      | Reached skill level 8 in Ice Magic
  8736 | D:7      | Found a staircase to the Ecumenical Temple.
  8753 | Temple   | Entered the Ecumenical Temple
  8778 | Temple   | Became a worshipper of Gozag Ym Sagoz the Greedy
  8809 | D:7      | Bought an embroidered scarf for 240 gold pieces
  9134 | D:7      | Noticed Menkaure
  9146 | D:7      | HP: 13/69 [??? (10)]
  9157 | D:7      | Killed Menkaure
  9158 | D:7      | Reached skill level 8 in Summonings
  9532 | D:7      | Reached skill level 9 in Ice Magic
 10256 | D:8      | Reached skill level 9 in Summonings
 10510 | D:8      | Reached XP level 10. HP: 76/76 MP: 16/16
 10569 | D:8      | Noticed Grum
 10581 | D:8      | Killed Grum
 10602 | D:8      | Reached skill level 5 in Spellcasting
 10667 | D:8      | Reached skill level 10 in Ice Magic
 10889 | D:8      | Found a staircase to the Lair.
 10937 | D:8      | Reached skill level 10 in Summonings
 11209 | D:8      | Reached skill level 6 in Spellcasting
 11986 | D:9      | Reached skill level 5 in Armour
 12077 | D:9      | Found Cheibriados's Comfort Zone.
 12077 | D:9      | Found a snail-covered altar of Cheibriados.
 12086 | D:9      | Bought the +3 hat of Pondering {ponderous, Will+ MP+10
                  | Int+5} for 381 gold pieces
 12086 | D:9      | Found the +3 hat of Pondering {ponderous, Will+ MP+10
                  | Int+5}
 12250 | D:9      | Reached skill level 5 in Dodging
 12353 | D:9      | Reached skill level 7 in Fighting
 12433 | D:9      | Found a staircase to the Orcish Mines.
 12757 | D:10     | Identified the "Osheist"
 12757 | D:10     | Entered Level 10 of the Dungeon
 12850 | D:10     | Reached XP level 11. HP: 84/84 MP: 20/20
 12970 | D:10     | Reached skill level 6 in Armour
 13046 | D:10     | Reached skill level 6 in Dodging
 13114 | D:10     | Reached skill level 8 in Fighting
 13224 | D:10     | Reached skill level 9 in Fighting
 13318 | D:10     | Noticed Joseph
 13326 | D:10     | Killed Joseph
 13659 | D:10     | Found Zin's Purification Station.
 13665 | D:10     | Found a glowing silver altar of Zin.
 13668 | D:10     | Bought a potion of curing for 90 gold pieces
 13771 | D:10     | Reached skill level 10 in Fighting
 13809 | D:10     | Bought a shimmering long sword for 204 gold pieces
 13809 | D:10     | Identified the +4 long sword of Wiyde {drain, rCorr Str+5}
                  | (You bought it in a shop on level 10 of the Dungeon)
 13953 | D:10     | You add the spells Momentum Strike, Teleport Other, Leda's
                  | Liquefaction and Vhi's Electric Charge to your library.
 14318 | D:11     | You pick up a book of Spectacle and begin reading...
 14318 | D:11     | You add the spells Volatile Blastmotes, Dazzling Flash,
                  | Starburst and Maxwell's Capacitive Coupling to your
                  | library.
 14571 | D:11     | Reached skill level 7 in Spellcasting
 14828 | Lair:1   | Entered Level 1 of the Lair of Beasts
 14869 | Lair:1   | Reached skill level 8 in Spellcasting
 14937 | Lair:1   | Reached skill level 2 in Long Blades
 15039 | Lair:1   | Noticed a boulder beetle
 15064 | Lair:1   | Killed a boulder beetle
 15065 | Lair:1   | Reached skill level 3 in Long Blades
 15182 | Lair:1   | Reached skill level 4 in Long Blades
 15404 | Lair:1   | Reached skill level 5 in Long Blades
 15506 | Lair:1   | Reached skill level 6 in Long Blades
 15533 | Lair:1   | Reached XP level 12. HP: 83/97 MP: 24/24
 15618 | Lair:1   | Reached skill level 7 in Long Blades
 15932 | Lair:1   | Reached skill level 8 in Long Blades
 16039 | Lair:1   | Identified the +1 rapier "Ciheof" {distort, Int+5}
 16106 | Lair:1   | Reached skill level 9 in Long Blades
 16850 | Lair:2   | Reached skill level 10 in Long Blades
 16887 | Lair:2   | Reached skill level 11 in Long Blades
 17133 | Lair:2   | Reached skill level 12 in Long Blades
 17144 | Lair:2   | Reached skill level 1 in Shields
 17192 | Lair:2   | Reached skill level 2 in Shields
 17261 | Lair:2   | Noticed Maggie
 17274 | Lair:2   | Killed Maggie
 17275 | Lair:2   | Reached skill level 3 in Shields
 17507 | Lair:2   | Found a staircase to the Snake Pit.
 17569 | Lair:2   | Found a staircase to the Shoals.
 17729 | Lair:2   | You pick up a book of Callings and begin reading...
 17734 | Lair:2   | Learned a level 3 spell: Call Canine Familiar
 17812 | Lair:2   | Reached skill level 4 in Shields
 18216 | Lair:3   | Reached skill level 5 in Shields
 18223 | Lair:3   | Noticed a seven-headed hydra
 18318 | Lair:3   | Reached skill level 6 in Shields
 18429 | Lair:3   | Killed a seven-headed hydra
 18430 | Lair:3   | Gained mutation: You can hop long distances. [Barachi
                  | growth]
 18430 | Lair:3   | Reached XP level 13. HP: 103/103 MP: 25/25
 18434 | Lair:3   | Reached skill level 7 in Shields
 18556 | Lair:3   | Reached skill level 8 in Shields
 18689 | Lair:3   | Reached skill level 9 in Shields
 18870 | Lair:3   | Noticed Amaemon
 18884 | Lair:3   | Killed Amaemon
 19009 | Lair:3   | Reached skill level 10 in Shields
 19753 | Lair:4   | Noticed Sonja
 19761 | Lair:4   | Killed Sonja
 19863 | Lair:4   | Reached skill level 11 in Fighting
 20184 | Lair:4   | Reached skill level 11 in Shields
 20235 | Lair:4   | Noticed Zenatt's ghost (journeyman TrFi)
 20237 | Lair:4   | Found a transporter.
 20416 | Lair:4   | Found a transporter.
 20806 | Lair:5   | Entered Level 5 of the Lair of Beasts
 21088 | Lair:5   | Reached skill level 12 in Fighting
 21149 | Lair:5   | Reached skill level 12 in Shields
 21149 | Lair:5   | Reached XP level 14. HP: 115/115 MP: 26/26
 21255 | Lair:5   | Found the crystal ball of Wucad Mu {*channel}
 21530 | Lair:5   | You add the spells Tukima's Dance and Passage of Golubria
                  | to your library.
 21927 | Lair:5   | Reached skill level 13 in Fighting
 21927 | Lair:5   | Reached skill level 13 in Long Blades
 22043 | Lair:5   | Found a large runed translucent door.
 22058 | Lair:5   | Found a large runed translucent door.
 23176 | Lair:5   | Found a staircase to the Slime Pits.
 23330 | Lair:5   | Found a viscous altar of Jiyva.
 23707 | Lair:5   | Identified the +8 trident of Riuh {flame, rElec rC+ Int+3}
 23922 | Orc:1    | Entered Level 1 of the Orcish Mines
 23933 | D:9      | Bought a slimy scarf for 290 gold pieces
 23933 | D:9      | Identified the scarf "Moejus" {rC+ rF+, -Tele Dex+9 SInv}
                  | (You bought it in a shop on level 9 of the Dungeon)
 23936 | D:9      | Bought a dazzling cloak for 275 gold pieces
 23936 | D:9      | Identified the +0 cloak of Gar Pit Tis {rPois MP+9} (You
                  | bought it in a shop on level 9 of the Dungeon)
 24049 | D:9      | Reached skill level 14 in Long Blades
 24076 | D:9      | Reached skill level 14 in Fighting
 24396 | Orc:2    | Entered Level 2 of the Orcish Mines
 24410 | Orc:2    | Found a staircase to the Elven Halls.
 24534 | Orc:1    | Noticed an orc warlord
 24537 | Orc:1    | Noticed Vupaekk's ghost (journeyman DsEE)
 24602 | Orc:1    | Found a transporter.
 24605 | Orc:1    | Found a transporter.
 24912 | Orc:1    | Identified the amulet of Gody {Faith Rampage rC+ Str+4}
 25026 | Orc:2    | Found Qecwanei's General Store.
 25026 | Orc:2    | Found Torchust's General Store.
 25417 | Orc:2    | Reached skill level 7 in Armour
 25451 | Orc:2    | Reached skill level 7 in Dodging
 25822 | Orc:2    | Reached skill level 1 in Evocations
 25838 | Orc:2    | Reached skill level 8 in Armour
 25901 | Orc:2    | Reached skill level 2 in Evocations
 25901 | Orc:2    | Reached XP level 15. HP: 126/126 MP: 27/27
 25925 | Orc:2    | Reached skill level 8 in Dodging
 25925 | Orc:2    | Reached skill level 3 in Evocations
 26102 | Orc:2    | Reached skill level 4 in Evocations
 26169 | Orc:2    | Found Tytheof's Antique Armour Emporium.
 26169 | Orc:2    | Found Diudgh's Book Shoppe.
 26170 | Orc:2    | Found a one-way gate leading to the halls of Pandemonium.
 26180 | Orc:2    | Reached skill level 5 in Evocations
 26186 | Orc:2    | Bought a book of Ice for 850 gold pieces
 26186 | Orc:2    | You pick up a book of Ice and begin reading...
 26370 | Orc:2    | Found Hyatisk's Assorted Antiques.
 26379 | Orc:2    | Bought a scroll of identify for 70 gold pieces
 26856 | D:9      | Bought an ancient scarf for 230 gold pieces
 26856 | D:9      | Identified the scarf of the Snail {+Inv, Will+} (You bought
                  | it in a shop on level 9 of the Dungeon)
 26947 | D:11     | Found a white marble altar of Elyvilon.
 27116 | D:11     | Reached skill level 11 in Ice Magic
 27520 | D:12     | Found a runed translucent door.
 27520 | D:12     | Noticed a fire giant
 27644 | D:12     | You pick up a book of Burglary and begin reading...
 27644 | D:12     | You add the spells Passwall and Swiftness to your library.
 27886 | D:12     | You pick up a book of Hexes and begin reading...
 28293 | D:13     | Learned a level 7 spell: Ozocubu's Refrigeration
 28353 | D:13     | Reached skill level 12 in Ice Magic
 28389 | D:13     | Noticed Lodul
 28398 | D:13     | Killed Lodul
 28622 | D:13     | Found a gate to the Vaults.
 28884 | D:13     | Noticed Kirke
 28892 | D:13     | Reached skill level 13 in Ice Magic
 28907 | D:13     | Killed Kirke
 29226 | D:14     | Reached skill level 14 in Ice Magic
 29542 | D:14     | Found an iron altar of Okawaru.
 30194 | D:15     | Entered Level 15 of the Dungeon
 30337 | D:15     | Found a runed translucent door.
 30337 | D:15     | Noticed ILmort's ghost (adept DrEE)
 30353 | D:15     | Reached skill level 15 in Ice Magic
 30694 | D:15     | Reached XP level 16. HP: 133/133 MP: 28/28
 30776 | D:15     | Found a staircase to the Depths.
 30995 | D:15     | Reached skill level 16 in Ice Magic
 31927 | Orc:2    | Bought a scroll of identify for 26 gold pieces
 31930 | Orc:2    | Bought a potion of haste for 150 gold pieces
 31930 | Orc:2    | Bought a potion of heal wounds for 75 gold pieces
 31930 | Orc:2    | Bought a potion of heal wounds for 75 gold pieces
 31930 | Orc:2    | Bought a potion of curing for 45 gold pieces
 31930 | Orc:2    | Bought a potion of curing for 45 gold pieces
 32043 | Snake:1  | Entered Level 1 of the Snake Pit
 32268 | Snake:1  | Reached skill level 17 in Ice Magic
 32337 | Snake:1  | You add the spells Sting, Poisonous Vapours and Olgreb's
                  | Toxic Radiance to your library.
 32379 | Snake:1  | Found a burning altar of Makhleb.
 32445 | Snake:1  | Noticed Casseolirch's ghost (adept GrEE)
 32453 | Snake:1  | Found a transporter.
 32625 | Snake:1  | Found a hide-covered altar of Uskayaw.
 32722 | Snake:1  | Found a transporter.
 32769 | Snake:1  | You pick up a book of Dangerous Friends and begin
                  | reading...
 33049 | Snake:1  | Noticed Agnes
 33051 | Snake:1  | Noticed Frances
 33054 | Snake:1  | Killed Agnes
 33071 | Snake:1  | Killed Frances
 33798 | Snake:2  | Reached skill level 18 in Ice Magic
 34299 | Snake:2  | Reached skill level 19 in Ice Magic
 34709 | Snake:2  | Found Xojyffung's Antique Weapon Shop.
 35106 | Snake:3  | Noticed a nagaraja
 35109 | Snake:3  | Killed a nagaraja
 35377 | Snake:3  | Reached skill level 20 in Ice Magic
 35379 | Snake:3  | Reached XP level 17. HP: 139/139 MP: 20/29
 35870 | Snake:3  | Reached skill level 9 in Spellcasting
 36374 | Snake:4  | Entered Level 4 of the Snake Pit
 36504 | Snake:4  | Reached skill level 10 in Spellcasting
 36805 | Snake:4  | Found Qedgh's Distillery.
 36806 | Snake:4  | Found Imeol's Book Shop.
 36808 | Snake:4  | Found Pyammube's Book Boutique.
 36813 | Snake:4  | Bought a potion of magic for 160 gold pieces
 37219 | Snake:4  | Reached skill level 11 in Spellcasting
 37982 | Snake:4  | Noticed Roxanne
 38684 | Snake:4  | Reached skill level 12 in Spellcasting
 39991 | Snake:4  | Got a serpentine rune of Zot
 40009 | Snake:4  | Reached skill level 9 in Armour
 40297 | Lair:2   | Bought a pair of spiked boots for 351 gold pieces
 40297 | Lair:2   | Identified the +2 pair of boots of Fun and Games {rPois
                  | Str+3 Dex-2 SInv} (You bought it in a shop on level 2 of
                  | the Lair of Beasts)
 40309 | Lair:2   | Bought an embroidered scarf for 296 gold pieces
 40322 | Lair:2   | magus.rc [v1.9.6]
 40354 | Shoals:1 | Entered Level 1 of the Shoals
 40447 | Shoals:1 | Reached skill level 9 in Dodging
 40732 | Shoals:1 | Reached XP level 18. HP: 147/147 MP: 34/34
 42170 | Shoals:2 | Reached skill level 13 in Shields
 42316 | Shoals:2 | Reached skill level 15 in Fighting
 42547 | Shoals:2 | Identified the +1 ring mail "Usaimae" {*Slow rCorr Stlth+}
 42567 | Shoals:2 | Reached skill level 10 in Armour
 42725 | Shoals:2 | Reached skill level 10 in Dodging
 44882 | Shoals:3 | Learned a level 3 spell: Ozocubu's Armour
 45075 | Shoals:4 | Entered Level 4 of the Shoals
 45140 | Shoals:4 | Found Iharr's Weapon Emporium.
 45171 | Shoals:4 | Reached skill level 16 in Fighting
 45171 | Shoals:4 | Reached skill level 11 in Dodging
 45171 | Shoals:4 | Reached skill level 14 in Shields
 45613 | Shoals:4 | Reached skill level 12 in Dodging
 45685 | Shoals:4 | Noticed Mlioglotl
 45702 | Shoals:4 | Killed Mlioglotl
 46025 | Shoals:4 | Noticed Ilsuiw
 46031 | Shoals:4 | Reached XP level 19. HP: 156/157 MP: 9/35
 46032 | Shoals:4 | Killed Ilsuiw
 46053 | Shoals:4 | Identified the +0 scale mail of Cocytus {-Tele Dex+8}
 46405 | Shoals:4 | Reached skill level 13 in Dodging
 47359 | Shoals:4 | Reached skill level 14 in Dodging
 47503 | Shoals:4 | Got a barnacled rune of Zot
 47543 | Shoals:4 | Identified the serpent talisman "Lohoehut" {rC+ Int+4
                  | Dex-3}
 47543 | Shoals:4 | Noticed Aizul
 47548 | Shoals:4 | Killed Aizul
 47845 | Shoals:4 | Identified the +8 tower shield of the Shrike {Harm Regen+
                  | MP+9 Dex+3}
 48222 | Desolati | Identified the "Nepuhieg"
 48222 | Vaults:1 | Entered Level 1 of the Vaults
 48229 | Vaults:1 | Bought a scroll of summoning for 313 gold pieces
 48229 | Vaults:1 | Bought a sack of spiders for 1320 gold pieces
 48230 | Vaults:1 | Bought a scroll of enchant armour for 247 gold pieces
 48250 | Vaults:1 | Reached skill level 3 in Stealth
 48404 | Vaults:1 | Reached skill level 4 in Stealth
 48423 | Vaults:1 | You pick up a book of Decay and begin reading...
 48423 | Vaults:1 | You add the spells Cigotuvi's Dreadful Rot, Dispel Undead
                  | and Death Channel to your library.
 48547 | Vaults:1 | Reached skill level 5 in Stealth
 48816 | Vaults:1 | Reached skill level 6 in Stealth
 48841 | Vaults:1 | Found a crumbling gateway.
 49612 | Vaults:1 | Identified the +7 rapier "Cunusad" {freeze, Contam rC+ rN+}
 49633 | Vaults:1 | Reached skill level 7 in Stealth
 50299 | Vaults:1 | Reached skill level 8 in Stealth
 51273 | Vaults:2 | Found Loicwad's Magic Scroll Boutique.
 51281 | Vaults:2 | Bought a scroll of teleportation for 36 gold pieces
 51281 | Vaults:2 | Bought a scroll of teleportation for 36 gold pieces
 51385 | Vaults:2 | Reached skill level 13 in Spellcasting
 51734 | Vaults:2 | Reached XP level 20. HP: 164/164 MP: 9/37
 52144 | Vaults:2 | Reached skill level 14 in Spellcasting
 52252 | Vaults:1 | Reached skill level 6 in Evocations
 52732 | Vaults:2 | Reached skill level 7 in Evocations
 53576 | Elf:1    | Identified the "Yschaeq"
 53576 | Elf:1    | Entered Level 1 of the Elven Halls
 53579 | Elf:1    | Noticed Asterion
 53595 | Elf:1    | Reached skill level 8 in Evocations
 53752 | Elf:1    | Found Yhugan's General Store.
 54039 | Elf:1    | Reached skill level 9 in Evocations
 54401 | Elf:1    | Killed Asterion
 54931 | Elf:2    | Identified the "Peum"
 54934 | Elf:2    | Reached skill level 10 in Evocations
 55174 | Elf:2    | Found a runed translucent gate.
 55175 | Elf:2    | Found a runed translucent gate.
 55175 | Elf:2    | Found a runed translucent gate.
 55522 | Elf:2    | Reached skill level 21 in Ice Magic
 55744 | Elf:2    | Paralysed by an air elemental for 1 turns
 56304 | Elf:3    | Identified the "Jeb Dyma"
 56304 | Elf:3    | Identified the "Mips"
 56304 | Elf:3    | Entered Level 3 of the Elven Halls
 56654 | Elf:3    | Identified the +6 falchion of Purpose {spect, rC- Str-3
                  | Dex+8 SInv}
 57312 | Elf:3    | Reached skill level 22 in Ice Magic
 57574 | Elf:3    | Identified the +6 flail of Crusades {freeze, rPois rF+
                  | Will+}
 57577 | Elf:3    | Reached XP level 21. HP: 169/171 MP: 10/39
 57746 | Elf:3    | Identified the ring "Nusarez" {rN+ MP+9 Str+2}
 58024 | Elf:3    | Identified the ring "Paollext" {rF+ Int-3 Dex+4}
 58040 | Elf:3    | Identified the +6 short sword of the Water Diviner {heavy,
                  | Dex+5}
 58040 | Elf:3    | Identified the +3 scale mail of the Other World {rPois}
 58144 | Elf:3    | a +0 longbow {bow}; quicksilver dragon scales {rare}
 58157 | Elf:3    | a +0 longbow {bow}; quicksilver dragon scales {rare}
 58230 | Elf:3    | Found the +2 cloak of the Thief {*Fog Slay-2 SInv Stlth+}
 58233 | Elf:3    | Identified the +3 ring mail of the True Pharaoh {+Inv rC+++
                  | rCorr Str-5}
 58238 | Elf:3    | You add the spells Vampiric Draining and Lehudib's Crystal
                  | Spear to your library.
 58243 | Elf:3    | You pick up a book of Storms and begin reading...
 58243 | Elf:3    | You add the spells Static Discharge, Airstrike and Summon
                  | Lightning Spire to your library.
 58291 | Elf:3    | Found the +7 hand cannon "Mule" {flame, backblast, rF+}
 58302 | Elf:3    | Reached skill level 23 in Ice Magic
 58504 | Elf:3    | You pick up a book of Death and begin reading...
 58504 | Elf:3    | You add the spells Haunt and Infestation to your library.
 58507 | Elf:3    | You add the spells Summon Forest, Eringya's Noxious Bog and
                  | Summon Hydra to your library.
 58511 | Elf:3    | Identified the +0 flail of the Enfolding Big Fish {flame,
                  | rN+ Int+3}
 58518 | Elf:3    | You pick up a book of Spectacle and begin reading...
 58549 | Elf:3    | Learned a level 5 spell: Summon Forest
 58913 | Vaults:2 | Reached skill level 1 in Translocations
 58990 | Vaults:3 | Reached skill level 2 in Translocations
 59132 | Vaults:3 | Reached skill level 3 in Translocations
 59424 | Vaults:3 | Reached skill level 4 in Translocations
 59664 | Vaults:3 | magus.rc [v1.9.6]
 60022 | Vaults:3 | Reached skill level 5 in Translocations
 60066 | Vaults:3 | Reached skill level 6 in Translocations
 60292 | Vaults:3 | You pick up a book of Unlife and begin reading...
 60330 | Vaults:3 | Found a staircase to the Crypt.
 60541 | Vaults:3 | Reached skill level 7 in Translocations
 60759 | Vaults:3 | Reached skill level 8 in Translocations
 61199 | Vaults:3 | You pick up a book of Displacement and begin reading...
 61199 | Vaults:3 | You add the spells Lesser Beckoning and Gell's Gravitas to
                  | your library.
 61239 | Vaults:3 | Reached skill level 9 in Translocations
 61242 | Vaults:3 | Identified the +5 trident of the Badger {heavy, rC+ rN+
                  | Dex+2}
 61498 | Vaults:3 | Reached skill level 10 in Translocations
 61986 | Vaults:3 | Paralysed by a formless jellyfish for 1 turns
 63441 | Vaults:4 | Reached skill level 24 in Ice Magic
 63454 | Vaults:4 | Reached XP level 22. HP: 81/178 MP: 21/40
 63658 | Vaults:4 | Learned a level 9 spell: Polar Vortex
 63964 | Vaults:4 | Identified the +0 leather armour "Noad" {+Blink rCorr}
 64289 | Depths:1 | Entered Level 1 of the Depths
 64470 | D:15     | Killed ILmort's ghost
 64783 | Depths:1 | You pick up a book of Geomancy and begin reading...
 64783 | Depths:1 | You add the spells Sandblast, Stone Arrow and Brom's
                  | Barrelling Boulder to your library.
 64900 | Depths:1 | Reached skill level 25 in Ice Magic
 65129 | Depths:1 | Noticed Guam's ghost (adept HOMo)
 65130 | Depths:1 | Noticed a dread lich
 65158 | Depths:1 | Found a one-way gate to the infinite horrors of the Abyss.
 65195 | Depths:1 | magus.rc [v1.9.6]
 65400 | Depths:1 | Identified the +2 scale mail of Ocwogoot {rC++ MP-9}
 65407 | Depths:1 | Identified the orb of Dowdy Amelioration {light, rF+}
 65783 | Depths:1 | Found a sacrificial altar of Ru.
 65845 | Depths:1 | Found a runed translucent door.
 65851 | Depths:1 | Found a runed translucent door.
 65853 | Depths:1 | Identified the ring of Gozag's Outrage {Int+3 Dex+6}
 66031 | Depths:1 | Found a gateway to Hell.
 66251 | Depths:1 | Killed a dread lich
 66264 | Depths:1 | Reached skill level 26 in Ice Magic
 66427 | Depths:1 | Killed Guam's ghost
 66985 | Depths:2 | You fall into a shaft and drop 2 floors!
 66985 | Depths:4 | Entered Level 4 of the Depths
 66987 | Depths:4 | Noticed a juggernaut
 66992 | Depths:4 | Killed a juggernaut
 67245 | Depths:4 | magus.rc [v1.9.6]
 67290 | Depths:4 | Found a gate to the Realm of Zot.
 67525 | Depths:4 | Reached skill level 27 in Ice Magic
 67706 | Depths:4 | Noticed a caustic shrike
 67706 | Depths:4 | Noticed a caustic shrike
 67706 | Depths:4 | Noticed a caustic shrike
 67706 | Depths:4 | Noticed a caustic shrike
 67706 | Depths:4 | Noticed a caustic shrike
 67713 | Depths:4 | Killed a caustic shrike
 67714 | Depths:4 | Killed a caustic shrike
 67715 | Depths:4 | Killed a caustic shrike
 67780 | Depths:4 | Killed a caustic shrike
 67781 | Depths:4 | Reached XP level 23. HP: 183/186 MP: 11/41
 68011 | Depths:4 | Killed a caustic shrike
 68319 | Depths:4 | Reached skill level 17 in Fighting
 68399 | Depths:4 | You pick up a book of Debilitation and begin reading...
 68399 | Depths:4 | You add the spells Slow, Sigil of Binding and Confusing
                  | Touch to your library.
 68892 | Depths:4 | Noticed a golden dragon
 68901 | Depths:4 | Killed a golden dragon
 69016 | Depths:4 | Found a one-way gateway to a ziggurat.
 69035 | Depths:4 | Reached skill level 18 in Fighting
 69398 | Depths:4 | You pick up a book of Conjurations {@e2} and begin
                  | reading...
 69398 | Depths:4 | You add the spells Magic Dart, Searing Ray and Fulminant
                  | Prism to your library.
 69406 | Depths:4 | Identified the staff of Fiujicho {rC+ Str+5 Dex-4 Ice}
 69789 | Depths:3 | Noticed a golden dragon
 69798 | Depths:3 | Killed a golden dragon
 69800 | Depths:3 | Reached skill level 19 in Fighting
 69803 | Depths:3 | Noticed Louise
 69834 | Depths:3 | Killed Louise
 70151 | Depths:3 | Identified the of Feidgh (You acquired it on level 3 of
                  | the Depths)
 70151 | Depths:3 | Acquired the ring of Karuuts {rC+ rN++ EV+5}
 70300 | Depths:3 | Reached skill level 20 in Fighting
 70600 | Depths:3 | a royal mummy comes into view. It is wearing the amulet of
                  | Vitality {RegenMP++ Regen++}.
 70600 | Depths:3 | Noticed a royal mummy
 70942 | Depths:3 | Killed a royal mummy
 71028 | Depths:3 | Noticed Boris
 71044 | Depths:3 | Killed Boris
 71367 | Depths:2 | Reached skill level 21 in Fighting
 71441 | Depths:2 | Noticed a caustic shrike
 71441 | Depths:2 | Noticed a caustic shrike
 71441 | Depths:2 | Noticed a caustic shrike
 71447 | Depths:2 | Killed a caustic shrike
 71447 | Depths:2 | Killed a caustic shrike
 71448 | Depths:2 | Killed a caustic shrike
 71730 | Depths:2 | Found Usucvubaps's Antique Armour Shop.
 71736 | Depths:2 | Bought a pair of glowing gloves for 240 gold pieces
 71920 | Depths:2 | Reached XP level 24. HP: 117/210 MP: 39/41
 71922 | Depths:2 | Reached skill level 22 in Fighting
 72206 | Depths:2 | Noticed Norris
 72213 | Depths:2 | Killed Norris
 72308 | Depths:2 | Found a portal to a secret trove of treasure.
 72416 | Depths:2 | Reached skill level 23 in Fighting
 72770 | Hell     | Entered the Vestibule of Hell
 72770 | Hell     | Noticed Geryon
 72777 | Hell     | Killed Geryon
 72990 | Depths:2 | You paid a toll of the horn of Geryon to enter a treasure
                  | trove
 72991 | Trove    | Entered a treasure trove
 73000 | Trove    | Identified the +4 falchion of Might {venom, *Rage rElec rF+
                  | SInv Stlth+}
 73010 | Trove    | Identified the ring "Lynin" {rF+ MP+9}
 73013 | Trove    | Identified the +5 morningstar of Watchfulness {heavy, Fly
                  | rPois rC++ MP-9}
 73360 | Lair:2   | Bought shimmering pearl dragon scales for 3829 gold pieces
 73360 | Lair:2   | Identified the +4 pearl dragon scales "Qeorraen" {rN+ Str+7
                  | Int-3 SInv} (You bought it in a shop on level 2 of the Lair
                  | of Beasts)
 73360 | Lair:2   | y - the +4 pearl dragon scales "Qeorraen" {rN+ Str+7 Int-3
                  | SInv, rare=g}
 73370 | Lair:2   | You finish putting on the +4 pearl dragon scales "Qeorraen"
                  | {rN+ Str+7 Int-3 SInv, rare=g}.
 73375 | Lair:2   | You finish taking off the +4 pearl dragon scales "Qeorraen"
                  | {rN+ Str+7 Int-3 SInv, rare=g}.
 73380 | Lair:2   | You drop the +4 pearl dragon scales "Qeorraen" {rN+ Str+7
                  | Int-3 SInv, rare=g}.
 73383 | Lair:2   | y - the +4 pearl dragon scales "Qeorraen" {rN+ Str+7 Int-3
                  | SInv, rare=g}
 73385 | Lair:2   | Bought a smouldering ring mail for 333 gold pieces
 73385 | Lair:2   | Identified the +1 ring mail "Nist" {Int+3} (You bought it
                  | in a shop on level 2 of the Lair of Beasts)
 73530 | Slime:1  | Entered Level 1 of the Pits of Slime
 73675 | Slime:2  | Reached skill level 24 in Fighting
 73882 | Slime:5  | Identified the "Xurux"
 73882 | Slime:5  | Identified the of Kaskig
 73882 | Slime:5  | Identified the "Jalin"
 73882 | Slime:5  | Entered Level 5 of the Pits of Slime
 74067 | Slime:5  | Gained mutation: You occasionally lose the ability to read
                  | scrolls when taking damage. [a shining eye]
 74075 | Slime:5  | Lost mutation: You occasionally lose the ability to read
                  | scrolls when taking damage. [potion of mutation]
 74075 | Slime:5  | Gained mutation: You have an increased reservoir of magic.
                  | (+10% MP) [potion of mutation]
 74075 | Slime:5  | Gained mutation: Your natural rate of healing is unusually
                  | fast. [potion of mutation]
 74075 | Slime:5  | Gained mutation: You are partially covered in iridescent
                  | scales. (AC +2) [potion of mutation]
 74370 | Slime:5  | Noticed the Royal Jelly
 74375 | Slime:5  | Reached skill level 25 in Fighting
 74384 | Slime:5  | Killed the Royal Jelly
 74438 | Slime:5  | Found the +3 warlock's mirror {omnireflect}
 74472 | Slime:5  | Identified the ring "Guytaim" {rElec rPois Str+5 Dex+6}
 74506 | Slime:5  | Identified the amulet "Hanki Mouzo" {Acrobat rF+ Dex+2}
 74534 | Slime:5  | Got a slimy rune of Zot
 74535 | Slime:5  | Identified the +0 chain mail of the Eternal Fruit {rCorr
                  | Str+2}
 74541 | Slime:5  | Identified the amulet of Ikalihu {Regen+ Str-4 Int+2 SInv
                  | Stlth+}
 74549 | Slime:5  | Identified the +0 cloak of the Hanged Man {-Tele Dex+3
                  | Stlth+}
 74560 | Slime:5  | You pick up a book of Spatial Translocations and begin
                  | reading...
 74565 | Slime:5  | Identified the +1 ring mail "Optodd" {rF+ Str-4 Dex+3}
 74579 | Slime:5  | You pick up a book of Lightning and begin reading...
 74581 | Slime:5  | Identified the +8 sling of Kicatacs {drain, *Slow rC++
                  | Int+3}
 74589 | Slime:5  | You add the spells Flame Wave and Freezing Cloud to your
                  | library.
 74601 | Slime:5  | You pick up a book of Sloth and begin reading...
 74601 | Slime:5  | You add the spells Petrify and Metabolic Englaciation to
                  | your library.
 75379 | Vaults:5 | Entered Level 5 of the Vaults
 75379 | Vaults:5 | Noticed Boris
 75383 | Vaults:5 | Reached skill level 26 in Fighting
 75383 | Vaults:5 | Reached XP level 25. HP: 230/230 MP: 45/45
 75395 | Vaults:5 | Killed Boris
 75808 | Vaults:5 | You pick up a book of Death and begin reading...
 75814 | Vaults:5 | You pick up a book of the Dragon and begin reading...
 75952 | Vaults:5 | Reached skill level 27 in Fighting
 76018 | Vaults:5 | Got a silver rune of Zot
 76020 | Vaults:5 | You pick up a book of the Spheres and begin reading...
 76020 | Vaults:5 | You add the spells Iskenderun's Battlesphere and Conjure
                  | Ball Lightning to your library.
 76053 | Vaults:5 | You pick up a book of Air and begin reading...
 76119 | Vaults:5 | Identified the amulet "Woddymin" {Reflect rPois rF+ Str+3
                  | SH+5}
 76164 | Vaults:5 | Reached skill level 15 in Dodging
 76572 | Vaults:5 | Found the +5 demon whip "Spellbinder" {antimagic, disrupt,
                  | Will+}
 76617 | Vaults:5 | You pick up a book of the Spheres and begin reading...
 76710 | Vaults:5 | Identified the staff "Plog" {rF+ Str+2 Conj}
 76713 | Vaults:5 | You pick up a book of Spatial Translocations and begin
                  | reading...
 76853 | Vaults:5 | Reached skill level 16 in Dodging
 77290 | Vaults:5 | Identified the +0 leather armour of Obagytytt {Will- rCorr
                  | Dex+3}
 77723 | Zot:1    | Entered Level 1 of the Realm of Zot
 77821 | Zot:2    | Noticed an electric golem
 78321 | Elf:3    | a +0 longbow {bow}; quicksilver dragon scales {rare}
 78321 | Elf:3    | d - quicksilver dragon scales {rare}
 78332 | Elf:3    | You finish putting on your quicksilver dragon scales
                  | {rare}.
 78993 | Zot:1    | Killed an electric golem
 79032 | Zot:1    | Reached skill level 17 in Dodging
 79321 | Zot:4    | Noticed an orb of fire
 79327 | Zot:4    | Gained mutation: You are weak. (Str -2) [an orb of fire]
 79336 | Zot:4    | Killed an orb of fire
 79411 | Zot:4    | Reached XP level 26. HP: 240/242 MP: 36/46
 79416 | Zot:4    | Reached skill level 15 in Spellcasting
 79534 | Zot:4    | Noticed an ancient lich
 79545 | Zot:4    | Killed an ancient lich
 79569 | Zot:3    | Reached skill level 18 in Dodging
 79923 | Zot:4    | Noticed an electric golem
 79935 | Zot:4    | Killed an electric golem
 79936 | Zot:4    | Reached skill level 16 in Spellcasting
 79965 | Zot:4    | Noticed a Killer Klown
 79980 | Zot:4    | Killed a Killer Klown
 80032 | Zot:4    | Noticed a Killer Klown
 80038 | Zot:4    | Killed a Killer Klown
 80317 | Zot:4    | Reached skill level 19 in Dodging
 80661 | Zot:5    | Entered Level 5 of the Realm of Zot
 81299 | Zot:5    | Paralysed by a Zot trap for 4 turns
 81303 | Zot:5    | Noticed an ancient lich
 81306 | Zot:5    | Noticed an orb of fire
 81307 | Zot:5    | Noticed a Killer Klown
 81308 | Zot:5    | Reached skill level 20 in Dodging
 81311 | Zot:5    | Noticed an electric golem
 81312 | Zot:5    | Noticed a Killer Klown
 81312 | Zot:5    | Noticed an ancient lich
 81317 | Zot:5    | Killed a Killer Klown
 81317 | Zot:5    | Noticed a Killer Klown
 81317 | Zot:5    | Gained mutation: You occasionally lose the ability to drink
                  | potions when taking damage. [an orb of fire]
 81318 | Zot:5    | Noticed an orb of fire
 81319 | Zot:5    | Killed an orb of fire
 81319 | Zot:5    | Noticed a Killer Klown
 81320 | Zot:5    | Killed an ancient lich
 81325 | Zot:5    | Killed an electric golem
 81327 | Zot:5    | Noticed a Killer Klown
 81328 | Zot:5    | Killed an ancient lich
 81330 | Zot:5    | Killed a Killer Klown
 81330 | Zot:5    | Killed a Killer Klown
 81330 | Zot:5    | Killed an orb of fire
 81330 | Zot:5    | Noticed a Killer Klown
 81331 | Zot:5    | Reached skill level 21 in Dodging
 81340 | Zot:5    | Killed a Killer Klown
 81340 | Zot:5    | Noticed an electric golem
 81341 | Zot:5    | Killed a Killer Klown
 81342 | Zot:5    | Noticed an orb of fire
 81343 | Zot:5    | Reached XP level 27. HP: 249/249 MP: 47/47
 81347 | Zot:5    | Killed an electric golem
 81348 | Zot:5    | Reached skill level 22 in Dodging
 81348 | Zot:5    | Noticed an ancient lich
 81349 | Zot:5    | Killed an orb of fire
 81357 | Zot:5    | Killed an ancient lich
 81359 | Zot:5    | Reached skill level 23 in Dodging
 81510 | Zot:5    | Noticed an electric golem
 81516 | Zot:5    | Killed an electric golem
 81578 | Zot:5    | Got the Orb of Zot
 81904 | D:15     | Noticed Fiof the pandemonium lord
 82162 | D:6      | Noticed Kiufuy the pandemonium lord
 82313 | D:$      | Escaped with the Orb!

Vanquished Creatures
  the Royal Jelly (Slime:5)
  4 orbs of fire
  A dread lich (Depths:1)
  4 ancient liches
  A royal mummy (Depths:3)
  A juggernaut (Depths:4)
  Boris (twice) (Depths:3 Vaults:5)
  12 Killer Klowns
  Geryon (Hell)
  8 caustic shrikes
  Norris (Depths:2)
  8 golden dragons
  5 electric golems
  A bone dragon (Depths:4)
  8 quicksilver dragons
  9 tentacled monstrosities
  27 Orb Guardians
  The ghost of ILmort the Warrior, an adept DrEE of Vehumet (D:15)
  3 liches
  Mlioglotl (Shoals:4)
  A walking earthen tome (Depths:1)
  Asterion (Elf:1)
  2 deep elf blademasters (Elf:3)
  16 acid blobs
  2 deep elf master archers (Elf:3)
  4 titans
  An Executioner (Depths:3)
  8 sphinxes
  A kraken (Shoals:1)
  7 death cobs
  Frances (Snake:1)
  The ghost of Guam the Warrior, an adept HOMo of Beogh (Depths:1)
  6 shadow dragons
  Agnes (Snake:1)
  6 storm dragons
  Kirke (D:13)
  5 draconian monks
  Aizul (Shoals:4)
  7 tengu reavers
  14 fire giants
  4 nagarajas
  2 draconian knights
  Ilsuiw (Shoals:4)
  7 azure jellies
  12 rockslimes
  An iron dragon (Zot:4)
  4 ghost moths
  Louise (Depths:3)
  11 frost giants
  14 vault wardens
  6 deep elf sorcerers (Elf:3)
  2 balrugs
  A deep elf elementalist (Elf:3)
  An angel (D:11)
  2 ghouls (Vaults:3)
  5 draconian stormcallers
  4 draconian scorchers
  2 spriggan defenders (Depths:4)
  3 draconian shifters
  17 ironbound preservers
  3 war gargoyles
  A cacodemon (Depths:2)
  5 formless jellyfish
  3 reapers
  8 quicksilver oozes (Slime:5)
  A draconian annihilator (Zot:5)
  A demonspawn blood saint (D:1)
  20 stone giants
  22 very ugly things
  4 elemental wellsprings (Shoals:1)
  6 ironbound thunderhulks
  A lorocyproca (Hell)
  10 green draconians
  A yellow draconian (Zot:4)
  11 black draconians
  6 white draconians
  7 spark wasps (Depths:2)
  4 vampire knights
  9 deep elf demonologists
  5 deep elf annihilators
  12 red draconians
  7 purple draconians
  9 dire elephants
  A spark wasp (shapeshifter) (Vaults:5)
  5 merfolk javelineers
  A spectral kraken (Shoals:4)
  2 crystal guardians
  A green death (Hell)
  3 mummy priests (Depths:3)
  12 fire dragons
  14 yaktaur captains
  9 ettins
  6 deep elf death magi
  3 entropy weavers
  12 merfolk impalers
  2 demonspawn (Orc:2)
  A hell beast (Depths:2)
  41 vault guards
  3 salamander tyrants (Snake:4)
  5 rakshasas
  3 peacekeepers
  4 deep elf high priests
  17 great orbs of eyes
  A juggernaut simulacrum (Depths:1)
  A sphinx zombie (Hell)
  A death knight (D:15)
  2 alligator snapping turtles
  3 ghost crabs (Shoals:4)
  11 ice dragons
  2 hydras
  6 spriggan air magi
  8 anacondas
  An ogre mage (Vaults:5)
  6 merfolk aquamancers
  4 boulder beetles
  3 ironbound frosthearts
  12 centaur warriors
  A two-headed ogre (D:11)
  2 merfolk avatars (Shoals:2)
  18 dancing weapons
  5 deep troll shamans
  12 naga warriors
  4 tengu warriors
  3 satyrs
  15 naga sharpshooters
  7 spriggan berserkers
  A titan zombie (Hell)
  4 orc high priests
  2 occultists
  9 shock serpents
  4 sun demons
  14 hell knights
  3 vampire magi
  12 deep elf knights
  6 deep troll earth magi
  5 soul eaters
  A fire crab (Lair:2)
  7 skysharks
  9 iron trolls
  4 salamander mystics (Snake:4)
  13 sea snakes
  2 flayed ghosts
  A deep troll (shapeshifter) (Depths:4)
  6 glowing orange brains
  6 arcanists
  A kraken simulacrum (Shoals:4)
  5 naga ritualists
  41 deep trolls
  An orange crystal statue (Depths:4)
  6 phantasmal warriors
  9 deep elf archers
  15 lindwurms
  9 necromancers
  17 ironbound convokers
  A shadow dragon zombie (Hell)
  2 orc knights (Orc:2)
  19 harpies (Shoals:3)
  2 oklob plants
  An iron dragon zombie (Depths:1)
  11 deep elf pyromancers
  18 deep elf zephyrmancers
  6 fauns
  8 orc sorcerers
  9 cyclopes
  14 moths of wrath
  11 manticores
  28 ugly things
  13 salamanders
  6 mana vipers
  5 shining eyes
  4 elephants (Lair:5)
  2 torpor snails
  2 molten gargoyles (Lair:5)
  39 black mambas
  10 merfolk sirens
  10 water nymphs
  3 cane toads
  2 spectral sea snakes (Shoals:4)
  14 vault sentinels
  A black mamba (shapeshifter) (D:14)
  An orange demon (Orc:2)
  A smoke demon (Hell)
  12 naga magi
  11 guardian serpents
  3 hellions
  2 efreet
  2 rime drakes (Lair:3)
  42 yaktaurs
  2 spriggan zombies
  A spectral water nymph (Shoals:4)
  5 komodo dragons
  2 tengu conjurers (Depths:2)
  6 guardian mummies (Depths:3)
  5 freezing wraiths
  2 ice devils
  2 red devils
  3 spectral merfolk (Shoals:4)
  15 merfolk
  6 wind drakes
  6 trolls
  A polar bear (shapeshifter) (D:15)
  2 merfolk (shapeshifter)
  7 hornets
  Grinder (D:5)
  9 snapping turtles
  4 blink frogs
  A nameless horror (Vaults:3)
  A glass eye (shapeshifter) (Elf:2)
  15 dream sheep
  A spectral manticore (Shoals:4)
  An ettin zombie (Hell)
  A large abomination (Elf:1)
  Sigmund (D:5)
  8 glass eyes
  82 slime creatures
  A vampire (D:11)
  A centaur simulacrum (D:15)
  A spriggan (shapeshifter) (D:15)
  2 air elementals
  19 yaks
  8 spriggans
  2 basilisks
  5 wyverns
  19 water elementals
  An ettin skeleton (Vaults:3)
  5 golden eyes
  A fire elemental (Elf:1)
  4 hogs (D:13)
  5 vampire mosquitoes
  A fire bat (D:5)
  Eustachio (D:4)
  A chaos spawn (D:5)
  A steam dragon (shapeshifter) (Vaults:5)
  An elf skeleton (Vaults:3)
  4 steam dragons
  A redback (Vaults:1)
  A warg (shapeshifter) (Elf:3)
  2 human zombies (Depths:1)
  2 wargs (D:9)
  2 spectral snapping turtles (Shoals:4)
  An acid dragon (D:10)
  4 water moccasins
  4 hell hounds (Lair:5)
  39 nagas
  11 orc warriors
  A sky beast (D:8)
  6 ogres
  8 wolves
  6 centaurs
  2 phantoms
  2 elf zombies (Elf:1)
  9 bullfrogs
  A gnoll sergeant (D:11)
  5 scorpions
  34 killer bees
  6 howler monkeys
  11 jellies
  5 lava snakes (Lair:5)
  5 orc priests
  3 hounds
  2 iguanas
  14 orc wizards
  11 hell rats
  A mummy (Depths:3)
  11 adders
  A shadow imp (D:5)
  A white imp (D:5)
  An ufetubus (D:7)
  A worm (D:3)
  5 dart slugs
  63 orcs
  5 bats
  3 endoplasms
  4 giant cockroaches
  8 goblins
  2 hobgoblins
  4 jackals (D:1)
  3 quokkas
  6 ball pythons
  7 kobolds
  5 rats
  2 starspawn tentacles (Shoals:4)
  3 tentacles (Shoals:1)
1849 creatures vanquished.

Vanquished Creatures (collateral kills)
  A death cob (Zot:2)
  A war gargoyle (Vaults:1)
  A deep elf annihilator (Elf:3)
  A fire dragon (Depths:3)
  2 hydras
  A vault guard (D:13)
  A peacekeeper (Vaults:1)
  An anaconda (Snake:3)
  A catoblepas (Lair:4)
  4 dancing weapons
  A two-headed ogre (D:12)
  Sonja (Lair:4)
  Amaemon (Lair:3)
  2 skysharks (Lair:5)
  Lodul (D:13)
  A glowing orange brain (D:15)
  A lindwurm (Lair:5)
  A deep elf pyromancer (D:14)
  2 ugly things (D:14)
  An orc sorcerer (Orc:2)
  A manticore (Orc:2)
  A cyclops (D:14)
  2 elephants (Lair:5)
  6 slime creatures
  A molten gargoyle (Lair:5)
  3 orange demons
  4 black mambas (Lair:5)
  Maggie (Lair:2)
  4 cane toads
  6 komodo dragons
  2 rime drakes
  2 freezing wraiths (D:15)
  A yaktaur (shapeshifter) (D:15)
  5 dream sheep
  A tengu simulacrum (Vaults:3)
  2 trolls
  4 blink frogs
  A shadow (D:12)
  A basilisk (Lair:1)
  2 wyverns
  23 yaks
  A vampire mosquito (D:11)
  3 water moccasins
  A black bear (Lair:2)
  An ice beast (D:8)
  5 orc warriors
  An ettin simulacrum (Vaults:3)
  8 wolves
  3 ogres
  A centaur (D:9)
  A phantom (D:6)
  A kobold brigand (D:10)
  5 bullfrogs
  A scorpion (Orc:2)
  A wight (D:9)
  18 killer bees
  4 howler monkeys
  A nameless horror (Lair:2)
  6 orc priests (Orc:2)
  3 jellies (Lair:5)
  6 orc wizards
  6 hell rats
  4 adders (Lair:4)
  A shadow imp (D:7)
  A white imp (D:6)
  An ufetubus (D:7)
  13 orcs
  An endoplasm (Lair:5)
197 creatures vanquished.

Vanquished Creatures (others)
  An Orb Guardian (Zot:5)
  A white draconian (Zot:1)
  A hydra (Lair:5)
  A naga warrior (Snake:2)
  A tengu warrior (Depths:4)
  A glowing orange brain (Zot:4)
  Pikel (D:5)
  2 orc knights (Orc:2)
  6 ugly things
  2 black mambas
  2 elephants (Lair:5)
  Joseph (D:10)
  2 cane toads
  A torpor snail (Lair:1)
  2 rime drakes
  A kobold demonologist (D:10)
  2 ice devils (Orc:2)
  A freezing wraith (D:13)
  A hornet (D:8)
  2 polar bears (Lair:2)
  A slime creature (D:15)
  2 wraiths (D:10)
  16 yaks
  A human (D:13)
  Grum (D:8)
  Menkaure (D:7)
  2 basilisks
  A vampire mosquito (D:11)
  A water moccasin (Lair:2)
  2 black bears
  A sky beast (D:7)
  5 ice beasts
  10 orc warriors
  3 ogres
  3 wolves
  A centaur (D:8)
  A lemure (D:5)
  A kobold brigand (D:10)
  A bullfrog (Lair:1)
  A scorpion (D:5)
  10 wights
  2 orc priests
  2 orc wizards
  An adder (Lair:4)
  7 orcs
  A kobold (D:4)
  20 tentacles
130 creatures vanquished.

Grand Total: 2176 creatures vanquished

Table legend:
 A = Non-vault XP
 B = Vault XP
 C = Vault XP percentage of total XP
 D = Non-vault monster count
 E = Vault monster count
 F = Vault count percentage of total count
                 A         B        C        D         E       F
            +---------+---------+-------+---------+---------+-------
      Total |  693522 |  620865 |  47.2 |    1339 |     766 |  36.4
            +---------+---------+-------+---------+---------+-------
        D:1 |      50 |       0 |   0.0 |      26 |       0 |   0.0
        D:2 |      36 |       0 |   0.0 |       8 |       0 |   0.0
        D:3 |      83 |       0 |   0.0 |      17 |       0 |   0.0
        D:4 |     363 |     182 |  33.4 |      14 |       1 |   6.7
        D:5 |    1084 |    1113 |  50.7 |      28 |       3 |   9.7
        D:6 |     543 |      39 |   6.7 |      16 |       2 |  11.1
        D:7 |     693 |     175 |  20.2 |      19 |       1 |   5.0
        D:8 |     889 |    1542 |  63.4 |      15 |      10 |  40.0
        D:9 |    4343 |       0 |   0.0 |      49 |       0 |   0.0
       D:10 |    3281 |     651 |  16.6 |      34 |       2 |   5.6
       D:11 |    1275 |     906 |  41.5 |      16 |       2 |  11.1
       D:12 |    1163 |    2065 |  64.0 |       3 |       3 |  50.0
       D:13 |    9287 |    5814 |  38.5 |      21 |      15 |  41.7
       D:14 |    8368 |       0 |   0.0 |      20 |       0 |   0.0
       D:15 |    9381 |    5205 |  35.7 |      22 |       8 |  26.7
     Lair:1 |    7125 |    2013 |  22.0 |      33 |      32 |  49.2
     Lair:2 |    6103 |    1888 |  23.6 |      30 |       8 |  21.1
     Lair:3 |    6583 |    4197 |  38.9 |      28 |      12 |  30.0
     Lair:4 |    7786 |    1684 |  17.8 |      41 |      12 |  22.6
     Lair:5 |   14605 |    8650 |  37.2 |      35 |      43 |  55.1
   Shoals:1 |   11781 |    5047 |  30.0 |      26 |       8 |  23.5
   Shoals:2 |   19505 |       0 |   0.0 |      38 |       0 |   0.0
   Shoals:3 |   23011 |       0 |   0.0 |      44 |       0 |   0.0
   Shoals:4 |    5307 |   36970 |  87.4 |      11 |      56 |  83.6
    Snake:1 |   10952 |    3515 |  24.3 |      23 |       3 |  11.5
    Snake:2 |   21808 |    1618 |   6.9 |      47 |       4 |   7.8
    Snake:3 |   15661 |       0 |   0.0 |      31 |       0 |   0.0
    Snake:4 |   13756 |   32373 |  70.2 |      28 |      47 |  62.7
    Slime:1 |    6271 |       0 |   0.0 |       8 |       0 |   0.0
    Slime:2 |    1556 |       0 |   0.0 |       2 |       0 |   0.0
    Slime:3 |    2348 |       0 |   0.0 |       3 |       0 |   0.0
    Slime:4 |    7995 |       0 |   0.0 |      18 |       0 |   0.0
    Slime:5 |   12132 |   33505 |  73.4 |      35 |      25 |  41.7
      Orc:1 |    1269 |       0 |   0.0 |      18 |       0 |   0.0
      Orc:2 |    1070 |   18094 |  94.4 |       4 |      67 |  94.4
      Elf:1 |   10293 |    7357 |  41.7 |      16 |      12 |  42.9
      Elf:2 |   20259 |    2480 |  10.9 |      31 |       3 |   8.8
      Elf:3 |   18644 |   30007 |  61.7 |      27 |      27 |  50.0
   Vaults:1 |   19148 |   23781 |  55.4 |      34 |      33 |  49.3
   Vaults:2 |   15250 |   32979 |  68.4 |      24 |      42 |  63.6
   Vaults:3 |   24265 |   33820 |  58.2 |      40 |      40 |  50.0
   Vaults:4 |   17173 |    8190 |  32.3 |      30 |       8 |  21.1
   Vaults:5 |   22889 |   73508 |  76.3 |      22 |      73 |  76.8
   Depths:1 |   43535 |   15405 |  26.1 |      56 |      12 |  17.6
   Depths:2 |   39116 |   28320 |  42.0 |      40 |      29 |  42.0
   Depths:3 |   43877 |   24724 |  36.0 |      50 |      21 |  29.6
   Depths:4 |   49602 |   19914 |  28.6 |      41 |      19 |  31.7
       Hell |   14038 |    7399 |  34.5 |      18 |       8 |  30.8
      Zot:1 |   32149 |       0 |   0.0 |      27 |       0 |   0.0
      Zot:2 |   17097 |       0 |   0.0 |      15 |       0 |   0.0
      Zot:3 |    8843 |    1239 |  12.3 |       7 |       1 |  12.5
      Zot:4 |   26460 |   44895 |  62.9 |      20 |      32 |  61.5
      Zot:5 |   33421 |   99601 |  74.9 |      30 |      42 |  58.3
            +---------+---------+-------+---------+---------+-------

Skill      XL: |  1  2  3  4  5  6  7  8  9 10 11 12 13 14 15 16 17 18 19 20 21 22 23 24 25 26 27 |
---------------+----------------------------------------------------------------------------------+-----
Stealth        | 2 8 |  8.0
Fighting       | 1 2 4 6 7 10 12 14 16 21 26 27 | 27.0
Ice Magic      | 5 6 9 10 15 20 22 24 27 | 27.0
Spellcasting   | 3 4 6 8 12 13 14 16 | 16.0
Hexes          | 1 2 5 |  5.0
Summonings     | 1 2 5 6 9 10 | 10.0
Dodging        | 4 5 6 7 8 9 12 14 17 21 23 | 23.6
Armour         | 4 5 6 8 9 10 | 10.0
Long Blades    | 6 12 14 | 14.0
Shields        | 6 12 14 | 14.0
Evocations     | 2 5 10 | 10.0
Translocations | 10 | 10.0

Action                     |  1- 3 |  4- 6 |  7- 9 | 10-12 | 13-15 | 16-18 | 19-21 | 22-24 | 25-27 || total
---------------------------+-------+-------+-------+-------+-------+-------+-------+-------+-------++-------
  Melee: Dagger            |     6 |       |       |       |       |       |       |       |       ||     6
         Short sword       |    13 |    32 |       |       |       |       |       |       |       ||    45
         Staff             |       |       |    91 |   168 |       |       |       |     1 |    66 ||   326
         Whip              |       |       |    10 |       |       |       |       |       |       ||    10
         Punch             |       |       |     2 |     3 |       |       |       |       |       ||     5
         Long sword        |       |       |       |    69 |   769 |   526 |   885 |   332 |       ||  2581
  Throw: Dart              |    38 |     5 |     5 |       |       |       |       |       |       ||    48
         Boomerang         |       |       |    12 |       |       |       |       |       |       ||    12
         Javelin           |       |       |     2 |       |       |       |       |       |       ||     2
   Cast: Freeze            |    30 |    25 |    37 |    12 |       |       |       |       |       ||   104
         Frozen Ramparts   |     3 |     9 |    46 |    52 |    43 |     5 |     4 |       |     1 ||   163
         Summon Guardian G |       |     3 |    45 |    66 |    70 |     8 |       |       |       ||   192
         Summon Ice Beast  |       |       |     8 |    57 |   107 |     4 |    14 |     1 |       ||   191
         Call Canine Famil |       |       |       |     4 |   100 |     3 |    20 |     1 |       ||   128
         Ozocubu's Refrige |       |       |       |       |       |   337 |   460 |   169 |    35 ||  1001
         Ozocubu's Armour  |       |       |       |       |       |     1 |     1 |       |       ||     2
         Summon Forest     |       |       |       |       |       |       |     3 |       |       ||     3
         Polar Vortex      |       |       |       |       |       |       |       |   103 |   102 ||   205
 Invoke: Call Merchant     |       |       |     1 |     1 |     3 |     2 |     1 |       |       ||     8
         Potion Petition   |       |       |       |       |       |       |       |     1 |     2 ||     3
         Bribe Branch      |       |       |       |       |       |       |       |       |     1 ||     1
Ability: Hop               |       |       |       |     2 |     4 |     1 |       |    14 |     5 ||    26
  Evoke: Wand              |       |       |     1 |     1 |     1 |    15 |     6 |     1 |     1 ||    26
         Condenser vane    |       |       |       |       |       |     1 |       |       |       ||     1
         Lightning rod     |       |       |       |       |       |       |     2 |       |       ||     2
         Sack of spiders   |       |       |       |       |       |       |     3 |     1 |     1 ||     5
    Use: Scroll            |       |    12 |       |     3 |    13 |     8 |     9 |    10 |     6 ||    61
         Potion            |       |       |       |       |     1 |     4 |     1 |     5 |     3 ||    14
   Stab: Sleeping          |     1 |     2 |     1 |     2 |     3 |     9 |     9 |     4 |       ||    31
         Distracted        |       |       |       |     6 |    20 |     8 |    23 |     2 |     3 ||    62
 Armour: Robe              |    21 |    35 |    31 |       |       |       |       |       |       ||    87
         Ring mail         |       |       |    75 |   207 |   316 |   258 |   368 |   279 |    47 ||  1550
         Quicksilver drago |       |       |       |       |       |       |       |       |   102 ||   102
  Dodge: Dodged            |    24 |    22 |    88 |   228 |   297 |   203 |   395 |   280 |   369 ||  1906
  Block: Other             |       |       |       |    91 |     8 |       |       |       |       ||    99
         Reflection        |       |       |       |     5 |     8 |       |       |       |       ||    13
         Kite shield       |       |       |       |       |   634 |   394 |   597 |   382 |   275 ||  2282

Illustrated notes

Table legend:
 A = Kills in this place as a percentage of kills in the entire game.
 B = Kills by you in this place as a percentage of kills by you in the entire game.
 C = Kills by friends in this place as a percentage of kills by friends in the entire game.
 D = Other kills in this place as a percentage of other kills in the entire game.
 E = Experience gained in this place as a percentage of experience gained in the entire game.
 F = Experience gained in this place divided by the number of levels of this place that you have seen.
                   A       B       C       D       E      F
               +-------+-------+-------+-------+-------+----------------------
         Total | 100.0 | 100.0 | 100.0 | 100.0 | 100.0 | 24152.2
       Dungeon |  17.2 |  14.2 |  26.5 |  52.4 |   4.9 | 4310.6
          Lair |  12.9 |   7.6 |  54.1 |  29.1 |   4.6 | 12126.8
        Shoals |   8.6 |  10.0 |   0.0 |   0.0 |   7.7 | 25405.2
     Snake Pit |   8.6 |   9.9 |   0.5 |   1.0 |   7.5 | 24920.8
    Slime Pits |   4.3 |   5.0 |   0.0 |   0.0 |   4.8 | 12761.4
  Orcish Mines |   4.2 |   2.6 |  13.3 |  15.5 |   1.5 | 10216.5
   Elven Halls |   5.5 |   6.1 |   2.6 |   0.0 |   6.7 | 29680.0
        Vaults |  16.3 |  18.8 |   2.0 |   0.0 |  20.4 | 54200.6
        Depths |  12.8 |  14.8 |   0.5 |   1.0 |  20.3 | 67466.0
          Hell |   1.2 |   1.4 |   0.0 |   0.0 |   1.6 | 21437.0
           Zot |   8.3 |   9.6 |   0.5 |   1.0 |  20.0 | 53238.4
               +-------+-------+-------+-------+-------+----------------------

Table legend: (Time is in decaauts)
 A = Elapsed time spent in this place.
 B = Non-inter-level travel time spent in this place.
 C = Inter-level travel time spent in this place.
 D = Time resting spent in this place.
 E = Time spent auto-exploring this place.
 F = Levels seen in this place.
 G = Mean time per level.
                   A        B        C        D        E       F      G
               +--------+--------+--------+--------+--------+-----+--------+
         Total |  93459 |  84946 |   8513 |  14932 |  53617 |  55 | 1699.3 |
       Dungeon |  25898 |  21816 |   4082 |   3755 |  13405 |  15 | 1726.5 |
        Temple |     60 |      5 |     55 |      0 |      0 |   1 |   60.0 |
          Lair |  11087 |  10174 |    913 |   1418 |   6477 |   5 | 2217.4 |
        Shoals |   8482 |   8263 |    219 |   1068 |   6249 |   4 | 2120.5 |
     Snake Pit |   9120 |   8724 |    396 |   1433 |   6313 |   4 | 2280.0 |
    Slime Pits |   1523 |   1453 |     70 |    274 |    486 |   5 |  304.6 |
  Orcish Mines |   3244 |   2941 |    303 |    399 |   1735 |   2 | 1622.0 |
   Elven Halls |   5882 |   5392 |    490 |   1317 |   3233 |   3 | 1960.7 |
        Vaults |  14164 |  13317 |    847 |   2431 |   8862 |   5 | 2832.8 |
        Depths |  10162 |   9250 |    912 |   1825 |   5816 |   4 | 2540.5 |
          Hell |    167 |    167 |      0 |      0 |     68 |   1 |  167.0 |
           Zot |   3611 |   3389 |    222 |   1008 |    968 |   5 |  722.2 |
         Trove |     53 |     53 |      0 |      0 |      0 |   1 |   53.0 |
               +--------+--------+--------+--------+--------+-----+--------+

Top non-repeatable levels by time:
 Snake:4: 4131 daAuts
  Lair:5: 3467 daAuts
Vaults:3: 3435 daAuts
Vaults:1: 3295 daAuts
Shoals:4: 3146 daAuts
Depths:4: 3114 daAuts
     D:5: 2989 daAuts
Vaults:2: 2786 daAuts
Depths:1: 2622 daAuts
     D:4: 2599 daAuts
    D:15: 2471 daAuts
   Elf:3: 2413 daAuts
Depths:2: 2395 daAuts
Vaults:5: 2347 daAuts
  Lair:1: 2346 daAuts
